 Dungeon Crawl Stone Soup version 0.24.0-13-gcf9b3192b9 (webtiles) character file.

Game seed: 16785157893774101683, levelgen mode: deterministic

116 DarthUnicorn the Skirmisher (level 5, -5/53 HPs)
             Began as an Ogre Skald on Oct 28, 2019.
             Killed by divine providence
             ... invoked by an orc priest
              (14 damage)
             ... on level 4 of the Dungeon on Nov 6, 2019.
             The game lasted 00:13:59 (2417 turns).

DarthUnicorn the Skirmisher (Ogre Skald)            Turns: 2417, Time: 00:14:00

Health: -5/53      AC:  4    Str: 16    XL:     5   Next: 1%
Magic:  0/9        EV: 10    Int: 14    God:
Gold:   155        SH:  0    Dex:  8    Spells: 1/9 levels left

rFire    . . .     SeeInvis .   a - +0 mace
rCold    . . .     Gourm    .   (no shield)
rNeg     . . .     Faith    .   b - +0 robe
rPois    .         Spirit   .   (helmet restricted)
rElec    .         Reflect  .   f - +0 cloak
rCorr    .         Harm     .   (gloves unavailable)
MR       .....                  (boots unavailable)
Stlth    +.........             (no amulet)
HPRegen  0.17/turn              (no ring)
MPRegen  0.11/turn              (no ring)

@: shrouded, very slightly contaminated
A: large, unfitting armour, tough skin 1
a: no special abilities


You were on level 4 of the Dungeon.
You were not hungry.

You visited 1 branch of the dungeon, and saw 4 of its levels.

You collected 155 gold pieces.

Inventory:

Hand Weapons
 a - a +0 mace (weapon)
Missiles
 e - 96 stones (quivered)
 g - 27 poisoned darts
 j - 2 sling bullets
Armour
 b - a +0 robe (worn)
 f - a +0 cloak (worn)
Scrolls
 c - a scroll of enchant armour
 h - 2 scrolls of teleportation
 k - 2 scrolls of fog
 m - 3 scrolls of remove curse
 p - a scroll of blinking {unknown}
 r - 2 scrolls of magic mapping {unknown}
Potions
 n - 2 potions of agility {unknown}
 o - 2 potions of heal wounds
 q - a potion of haste {unknown}
 s - a potion of degeneration {unknown}
 t - a potion of berserk rage {unknown}
 u - a potion of invisibility {unknown}
 v - a potion of might {unknown}
Comestibles
 d - 5 rations


   Skills:
 + Level 3.4 Fighting
 + Level 3.0 Maces & Flails
 + Level 2.7 Dodging
 + Level 2.9 Spellcasting
 + Level 3.2 Charms
 + Level 0.3 Translocations


You had one spell level left.
You knew the following spells:

 Your Spells              Type           Power        Failure   Level  Hunger
a - Infusion              Chrm           ##..         5%          1    #......
b - Song of Slaying       Chrm           ##......     9%          2    ##.....
c - Shroud of Golubria    Chrm/Tloc      #.....       16%         2    ##.....
d - Spectral Weapon       Hex/Chrm       #.......     32%         3    ###....

Your spell library contained the following spells:

 Spells                   Type           Power        Failure   Level  Hunger
 Regeneration             Chrm/Necr      #.........   32%         3    ###....


Dungeon Overview and Level Annotations

Branches:
Dungeon (4/15)
 Temple: D:4-7

Altars:


Innate Abilities, Weirdness & Mutations

You are too large for most types of armour.
You have tough skin. (AC +1)


Message History

Space distorts slightly along a thin shroud covering your body.
You hit the orc priest.
The orc priest is moderately wounded.
The orc priest barely misses you.
You hit the orc priest.
The orc priest is moderately wounded.
You hear a bark!
The orc priest mumbles some strange prayers to Beogh against you.
Beogh smites you!
The orc priest mumbles some strange prayers to Beogh against you.
Pain shoots through your body!
* * * LOW HITPOINT WARNING * * *
Unknown command.
Unknown command.
You completely miss the orc priest.
The orc priest is moderately wounded.
Your song has ended.
The orc priest invokes the aid of Beogh against you.
Beogh smites you!
You die...

##.....## ##
##..#....# #.
#.....##..#
#.###.....# ...#
#.#......## ...
#...o.!...## ..
####..........#
#.$o###...$....#
###@#
###.$...... #.#
###...... #.#
##.... #.# ....
### ...


You could see an orc priest.

Vanquished Creatures
  A hound skeleton (D:4)
  Robin (D:2)
  3 adders
  A worm (D:2)
  3 leopard geckos
  4 orcs (D:4)
  2 ball pythons
  3 giant cockroaches
  10 goblins
  10 hobgoblins
  8 bats
  2 frilled lizards (D:1)
  A kobold (D:1)
  2 rats
51 creatures vanquished.

Notes
Turn   | Place    | Note
-------+----------+-------------------------------------------
     0 | D:1      | DarthUnicorn the Ogre Skald began the quest for the Orb.
     0 | D:1      | Reached XP level 1. HP: 22/22 MP: 3/3
   262 | D:1      | Reached XP level 2. HP: 21/29 MP: 3/5
   285 | D:1      | Learned a level 2 spell: Song of Slaying
   288 | D:1      | Learned a level 2 spell: Shroud of Golubria
   787 | D:2      | Reached XP level 3. HP: 23/37 MP: 1/6
  1139 | D:2      | Noticed Robin
  1168 | D:2      | Reached XP level 4. HP: 34/45 MP: 1/8
  1192 | D:2      | Killed Robin
  1453 | D:3      | Learned a level 3 spell: Spectral Weapon
  1548 | D:3      | Noticed an ice beast
  1682 | D:3      | Upgraded the game from 0.24.0-1-gfbc8707122 to
                  | 0.24.0-13-gcf9b3192b9
  2413 | D:4      | Reached XP level 5. HP: 42/53 MP: 2/9
  2417 | D:4      | Killed from afar by an orc priest

Levels and vault maps discovered:
D:1:      lightli_arrival_noodles, layout_basic
D:2:      layout_rooms, serial_curves, eino_curves_02, eino_curves_03,
          eino_curves_02, minmay_misc_feat_rugged, uniq_robin
D:3:      layout_loops_ring
D:4:      layout_layer_cave, xom_butterflies, lemuel_round_altar

Skill      XL: |  1  2  3  4 |
---------------+-------------+-----
Fighting       | 3 |  3.4
Maces & Flails | 2 3 |  3.0
Charms         | 3 |  3.2
Dodging        | |  2.7
Spellcasting   | |  2.9
Translocations | |  0.3

Action                   |  1- 3 |  4- 6 || total
-------------------------+-------+-------++-------
Melee: Mace              |   111 |   108 ||   219
Throw: Stone             |       |     1 ||     1
 Cast: Infusion          |     5 |       ||     5
       Shroud of Golubri |     5 |     4 ||     9
       Song of Slaying   |     1 |     1 ||     2
  Use: Potion            |     2 |     1 ||     3
       Scroll            |       |     5 ||     5
  Eat: Chunk             |     1 |     5 ||     6
Armor: Robe              |    54 |    23 ||    77
       Skin              |    16 |    33 ||    49
Dodge: Dodged            |    74 |    52 ||   126
